 Dungeon Crawl Stone Soup version 0.31-a0-217-g58bb5d7 (webtiles) character file.

Game seed: 4930393791851246820

27545 lyrin the Markself (level 13, -12/72 (80) HPs)
             Began as a Deep Elf Hunter on July 2, 2023.
             Was a High Priest of Zin.
             Killed from afar by an orc sorcerer (32 damage)
             ... with a bolt of negative energy
             ... on level 2 of the Orcish Mines.
             The game lasted 00:54:08 (20780 turns).

lyrin the Markself (Deep Elf Hunter)               Turns: 20780, Time: 00:54:09

HP:   -12/72 (80)   AC: 10    Str:  8    XL:     13   Next: 4%
MP:   25/27         EV: 19    Int: 18    God:    Zin [*****.]
Gold: 1282          SH:  0    Dex: 20    Spells: 20/28 levels left

rFire   . . .        j - +0 orcbow
rCold   + . .        (shield currently unavailable)
rNeg    . . .        M - +0 steam dragon scales
rPois   .            g - +2 helmet
rElec   .            c - +0 cloak
rCorr   .            T - +0 pair of gloves
SInv    .            (no boots)
Will    +....        w - amulet of regeneration
Stlth   ++           y - ring of protection from cold
HPRegen 1.12/turn    (no ring)
MPRegen 0.20/turn

%: no passive effects
@: heavily drained
A: no striking features
a: Renounce Religion, Recite, Vitalisation, Imprison, Sanctuary, Donate Gold


You were on level 2 of the Orcish Mines.
You worshipped Zin.
Zin was extremely pleased with you.
You visited 3 branches of the dungeon, and saw 15 of its levels.

You collected 1424 gold pieces.
You donated 142 gold pieces to Zin.

Inventory:

Hand Weapons
 j - a +0 orcbow (weapon)
 l - a +0 dagger of venom
 N - a +4 scimitar
Missiles
 v - 24 poisoned darts
 z - a curare-tipped dart
 E - 2 atropa-tipped darts
 J - 3 silver javelins
Armour
 c - a +0 cloak (worn)
 g - a +2 helmet (worn)
 A - the +18 Lear's hauberk
   (You found it on level 8 of the Dungeon)
 C - a -2 hat of see invisible
 M - +0 steam dragon scales (worn)
 T - a +0 pair of gloves (worn)
Magical Staves
 O - a staff of conjuration
Jewellery
 e - a +6 ring of strength
 t - an amulet of the acrobat
 w - an amulet of regeneration (around neck)
 y - a ring of protection from cold (left hand)
 B - a ring of ice
 G - an amulet of magic regeneration
 P - a ring of poison resistance
 Q - a ring of protection from cold
 R - an amulet of reflection
Wands
 p - a wand of flame (24)
Scrolls
 b - a scroll of butterflies
 h - 2 scrolls of fog
 i - 4 scrolls of amnesia
 m - 2 scrolls of silence
 n - 2 scrolls of enchant armour
 x - 2 scrolls of revelation
 K - a scroll of enchant weapon
 S - 2 scrolls of teleportation
Potions
 d - 6 potions of might
 f - a potion of resistance {unknown}
 k - 2 potions of enlightenment
 o - a potion of attraction {unknown}
 q - 2 potions of heal wounds {unknown}
 r - 3 potions of lignification {unknown}
 s - 4 potions of degeneration {unknown}
 u - a potion of magic
 D - 2 potions of curing
 F - 9 potions of ambrosia
 H - a potion of invisibility {unknown}
 I - a potion of haste
 L - 3 potions of brilliance {unknown}
 V - a potion of mutation {unknown}


   Skills:
 + Level 9.0 Fighting
 - Level 0.1(0.5) Short Blades
 - Level 1.0 Long Blades
 - Level 16.2 Ranged Weapons
 - Level 0.1 Throwing
 + Level 2.4 Armour
 * Level 10.3 Dodging
 - Level 1.5 Stealth
 - Level 8.0 Spellcasting
 * Level 5.4 Hexes
 * Level 2.8 Translocations
 - Level 6.0 Fire Magic
 + Level 9.2 Invocations
 - Level 1.0 Evocations


You had 20 spell levels left.
You knew the following spells:

 Your Spells              Type           Power      Damage    Failure   Level
a - Scorch                Fire           56%        2d7       1%          2
b - Tukima's Dance        Hex            26%        N/A       3%          3
c - Portal Projectile     Hex/Tloc       44%        N/A       5%          3

Your spell library contained the following spells:

 Spells                   Type           Power      Damage    Failure   Level
 Lesser Beckoning         Tloc           34%        N/A       4%          2
 Gell's Gravitas          Tloc           17%        N/A       9%          3
 Teleport Other           Tloc           17%        N/A       9%          3
 Necrotise                Necr           28%        1d5       10%         1
 Sting                    Tmut/Pois      28%        1d4       10%         1
 Dazzling Flash           Conj/Hex       32%        N/A       10%         3
 Sublimation of Blood     Necr           7%         N/A       14%         2
 Wereblood                Tmut           7%         N/A       14%         2
 Call Canine Familiar     Summ           7%         N/A       28%         3
 Mephitic Cloud           Conj/Pois/Air  7%         N/A       28%         3
 Vampiric Draining        Necr           7%         2d6       28%         3
 Flame Wave               Conj/Fire      18%        2d7       28%         4
 Leda's Liquefaction      Hex/Erth       8%         N/A       32%         4
 Silence                  Hex/Air        8%         N/A       65%         5
 Olgreb's Toxic Radiance  Pois           7%         N/A       67%         4
 Agony                    Necr           7%         N/A       95%         5
 Blade Hands              Tmut           3%         N/A       95%         5
 Summon Cactus Giant      Summ           3%         N/A       100%        6
 Summon Hydra             Summ           3%         N/A       100%        7


Dungeon Overview and Level Annotations

Branches:
Dungeon (12/15)            Temple (1/1) D:6            Lair (0/5) D:10
    Orc (2/2) D:12            Elf (0/3) Orc:2

Altars:
Ashenzari
Cheibriados
Dithmenos
Elyvilon
Fedhas
Gozag
Hepliaklqana
Kikubaaqudgha
Makhleb
Nemelex Xobeh
Okawaru
Qazlal
Ru
Sif Muna
Trog
Uskayaw
Vehumet
Wu Jian
Xom
Yredelemnul
Zin
The Shining One

Shops:
Orc:2 ??

Portals:
Trove: D:10 (give +6 fire dragon scales)

Annotations:
D:2 1 runed translucent door, Crazy Yiuf
Orc:2 Nergalle


Message History

The orc sorcerer shimmers violently.
The orc sorcerer hits you but does no damage.
You shoot an arrow. The arrow hits the orc sorcerer.
The orc sorcerer is severely wounded.
The orc sorcerer misses you.
You shoot an arrow.
The arrow closely misses the orc sorcerer.
The orc sorcerer misses you.
You shoot an arrow.
The arrow barely misses the orc sorcerer.
You shoot an arrow.
The arrow barely misses the orc sorcerer.
The orc sorcerer gestures at you while chanting.
The bolt of fire hits you!!
You shoot an arrow.
The arrow closely misses the orc sorcerer.
The orc sorcerer closely misses you.
You shoot an arrow.
The arrow closely misses the orc sorcerer.
You shoot an arrow. The arrow hits the orc sorcerer!
The orc sorcerer is almost dead.
The orc sorcerer mumbles some strange words.
The orc sorcerer glows brightly for a moment.
The orc sorcerer hits you with a +0 dagger.
Unknown command.
You shoot an arrow.
The arrow hits the orc sorcerer but does no damage.
The orc sorcerer is almost dead.
The orc sorcerer points at you and mumbles some strange words.
The bolt of fire hits you!!
* * * LOW HITPOINT WARNING * * *
Okay, then.
Casting: Scorch (safe; 1% risk of failure)
Confirm with . or Enter, or press ? or * to list all spells.
Flames lash the orc sorcerer.
The orc sorcerer is almost dead.
The orc sorcerer's fire resistance burns away.
The orc sorcerer gestures at you while chanting.
The bolt of negative energy hits you!!
You feel drained.
You die...

#...................)............
.....##.....##..)................
.....##.....##..................#
^............[..........[...[...#
.#...........[...............#.##
##...##.....##...........#..[....
.....##.....##..[....#....#....)[
))...§......[..)o.....#[.4....[[[
....#≈§....)≈≈.[@..[[#.....######
≈§§§§##≈).[≈##§≈§§§.#......#.....
≈§≈≈≈##≈[..≈##§≈≈§§§≈≈.....#.....
≈###≈≈§≈[..≈§≈≈###§§≈§§....#..8..
##∩###§≈...≈§###8###≈≈≈≈...#.....
.....#≈≈...≈≈#.....#≈###...#...o.
..#..##≈...≈##..#..###§##..#..#..
.≈#≈..#§.[.≈#..§#≈..#§§###.#.....
.≈#§..#§[..§#..≈#≈..#§§# ###.....


You could see an orc sorcerer (combustible).

Vanquished Creatures
  Erolcha (Orc:2)
  A centaur warrior (D:11)
  8 two-headed ogres
  2 boulder beetles
  A tengu warrior (D:8)
  An orc high priest (Orc:1)
  Sonja (D:10)
  An orc knight (Orc:2)
  6 orc sorcerers
  2 manticores (D:12)
  2 gargoyles
  3 unseen horror zombies (D:9)
  An unseen horror (D:11)
  A freezing wraith (D:11)
  A queen bee (Orc:1)
  7 trolls
  3 shadows
  10 yaks
  3 wraiths
  A wyvern (D:8)
  A steam dragon (D:7)
  Grum (D:10)
  2 basilisks
  3 wargs
  3 acid dragons
  An ice beast (D:6)
  A black bear (D:7)
  16 orc warriors
  5 ogres
  2 wolves
  2 centaurs
  6 kobold brigands
  2 bullfrogs
  5 necrophages (D:9)
  2 scorpions
  16 wights
  39 killer bees
  4 howler monkeys
  2 centaur zombies (D:9)
  A human zombie (D:9)
  2 hounds (D:4)
  2 jellies
  A gnoll bouda (D:10)
  18 orc priests
  An iguana (D:7)
  Terence (D:2)
  28 orc wizards
  4 hell rats (D:10)
  A killer bee zombie (D:9)
  Robin (D:2)
  5 gnolls
  A river rat (D:10)
  8 adders
  3 shadow imps
  A white imp (D:5)
  An ufetubus (D:5)
  2 worms (D:3)
  5 dart slugs
  87 orcs
  7 bats
  5 endoplasms
  3 giant cockroaches
  16 goblins
  8 hobgoblins
  7 jackals (D:4)
  5 quokkas
  10 ball pythons
  6 frilled lizards
  35 kobolds
  7 rats
451 creatures vanquished.

Notes
Turn   | Place    | Note
-------+----------+-------------------------------------------
     0 | D:1      | lyrin the Deep Elf Hunter began the quest for the Orb.
     0 | D:1      | Reached XP level 1. HP: 12/12 MP: 3/3
   136 | D:1      | Reached XP level 2. HP: 13/16 MP: 4/4
   230 | D:1      | Reached skill level 6 in Ranged Weapons
   638 | D:1      | Reached XP level 3. HP: 21/21 MP: 5/5
   836 | D:2      | Found a radiant altar of Vehumet.
   843 | D:2      | Noticed Terence
   861 | D:2      | Killed Terence
  1090 | D:2      | Learned a level 2 spell: Scorch
  1117 | D:2      | Noticed Robin
  1119 | D:2      | Reached XP level 4. HP: 26/26 MP: 6/6
  1371 | D:2      | Reached skill level 7 in Ranged Weapons
  1380 | D:2      | Killed Robin
  1442 | D:2      | Reached skill level 1 in Spellcasting
  1572 | D:2      | Found a runed translucent door.
  1573 | D:2      | Noticed Crazy Yiuf
  1926 | D:3      | Reached skill level 1 in Fire Magic
  2113 | D:3      | Reached XP level 5. HP: 30/30 MP: 8/8
  2553 | D:3      | Found a bloodstained altar of Trog.
  2979 | D:4      | Reached skill level 1 in Armour
  2993 | D:4      | Identified the +0 spear of the Imperium {holy, Str+3 Dex+5}
  3015 | D:4      | Reached skill level 8 in Ranged Weapons
  3190 | D:4      | Reached XP level 6. HP: 36/36 MP: 11/11
  3193 | D:4      | Found a sacrificial altar of Ru.
  3922 | D:5      | Entered Level 5 of the Dungeon
  4106 | D:5      | Found an opulent altar of Gozag.
  4451 | D:4      | Reached XP level 7. HP: 26/40 MP: 4/14
  4861 | D:5      | HP: 2/40 [killer bee (4)]
  5745 | D:6      | Reached skill level 9 in Ranged Weapons
  5745 | D:6      | Reached skill level 1 in Evocations
  5745 | D:6      | Reached XP level 8. HP: 46/46 MP: 13/16
  6117 | D:6      | Found a staircase to the Ecumenical Temple.
  6143 | Temple   | Entered the Ecumenical Temple
  6297 | Temple   | Became a worshipper of Zin the Law-Giver
  6297 | Temple   | Reached * piety under Zin
  6758 | D:7      | Reached ** piety under Zin
  6775 | D:7      | Reached skill level 1 in Invocations
  6777 | D:7      | Reached skill level 10 in Ranged Weapons
  7067 | D:7      | Reached skill level 5 in Fire Magic
  7328 | D:7      | Reached skill level 5 in Spellcasting
  7434 | D:7      | Got the Incunabulum of the Spider
  7512 | D:7      | Reached XP level 9. HP: 46/51 MP: 9/19
  8343 | D:8      | Reached skill level 11 in Ranged Weapons
  8557 | D:8      | Noticed a two-headed ogre
  8578 | D:8      | Zin protects you from harm!
  8579 | D:8      | Killed a two-headed ogre
  8761 | D:8      | Noticed a tengu warrior
  8908 | D:8      | Found a hazy altar of Hepliaklqana.
  9592 | D:8      | Reached XP level 10. HP: 51/57 MP: 22/24
  9603 | D:8      | Reached skill level 12 in Ranged Weapons
  9603 | D:8      | Reached skill level 5 in Dodging
  9679 | D:8      | Killed a tengu warrior
  9680 | D:8      | Reached skill level 5 in Invocations
  9836 | D:8      | Found the +18 Lear's hauberk
 10921 | D:9      | Found an ornate altar of the Wu Jian Council.
 10931 | D:9      | Reached skill level 13 in Ranged Weapons
 11031 | D:9      | Found a radiant altar of Vehumet.
 11243 | D:9      | Noticed a boulder beetle
 11263 | D:9      | Killed a boulder beetle
 11264 | D:9      | Reached skill level 5 in Fighting
 11587 | D:9      | Reached *** piety under Zin
 11810 | D:9      | Found a blossoming altar of Fedhas.
 12125 | D:9      | Found a basalt altar of Yredelemnul.
 12149 | D:9      | Reached skill level 14 in Ranged Weapons
 12149 | D:9      | Reached XP level 11. HP: 53/64 MP: 25/25
 12255 | D:10     | Entered Level 10 of the Dungeon
 12307 | D:10     | Found an iron altar of Okawaru.
 12318 | D:10     | Found a hide-covered altar of Uskayaw.
 12347 | D:10     | Noticed Sonja
 12356 | D:10     | Killed Sonja
 12540 | D:10     | Noticed Grum
 12699 | D:10     | Killed Grum
 12702 | D:10     | Noticed a two-headed ogre
 12717 | D:10     | Killed a two-headed ogre
 12858 | D:10     | Found a staircase to the Lair.
 12867 | D:10     | Noticed a death yak
 12960 | D:10     | Noticed a death yak
 12963 | D:10     | Noticed a death yak
 13250 | D:10     | Noticed a two-headed ogre
 13259 | D:10     | Killed a two-headed ogre
 13494 | D:10     | Reached **** piety under Zin
 13510 | D:10     | Reached ***** piety under Zin
 13517 | D:10     | Found a portal to a secret trove of treasure.
 13606 | D:10     | Reached skill level 15 in Ranged Weapons
 14080 | D:11     | Noticed a two-headed ogre
 14201 | D:11     | Killed a two-headed ogre
 14508 | D:11     | Noticed a boulder beetle
 14527 | D:11     | Killed a boulder beetle
 14614 | D:11     | Noticed a centaur warrior
 14643 | D:11     | Killed a centaur warrior
 14808 | D:11     | Noticed a two-headed ogre
 14838 | D:11     | Reached skill level 16 in Ranged Weapons
 14891 | D:11     | Killed a two-headed ogre
 15001 | D:11     | Noticed a four-headed hydra
 15909 | D:12     | Noticed a two-headed ogre
 15917 | D:12     | Killed a two-headed ogre
 15918 | D:12     | Reached XP level 12. HP: 72/72 MP: 26/26
 15922 | D:12     | Learned a level 3 spell: Tukima's Dance
 15991 | D:12     | Reached skill level 1 in Hexes
 16859 | D:12     | Found a staircase to the Orcish Mines.
 16868 | Orc:1    | Entered Level 1 of the Orcish Mines
 16868 | Orc:1    | Noticed a two-headed ogre
 16875 | D:12     | Killed a two-headed ogre
 18216 | Orc:2    | Entered Level 2 of the Orcish Mines
 18387 | Orc:1    | Learned a level 3 spell: Portal Projectile
 18820 | Orc:2    | Found a staircase to the Elven Halls.
 18865 | Orc:1    | Reached skill level 1 in Translocations
 19359 | Orc:2    | Noticed a two-headed ogre
 19385 | Orc:2    | Killed a two-headed ogre
 19441 | Orc:2    | Reached skill level 10 in Dodging
 19592 | Orc:2    | Noticed an orc high priest
 19877 | Orc:1    | Killed an orc high priest
 20059 | Orc:2    | Found Capn's Magic Scroll Shoppe.
 20068 | Orc:2    | Reached skill level 5 in Hexes
 20147 | Orc:2    | Paralysed by an orc sorcerer for 3 turns
 20199 | Orc:2    | Reached skill level 1 in Long Blades
 20366 | Orc:2    | Paralysed by an orc sorcerer for 4 turns
 20380 | Orc:2    | Reached XP level 13. HP: 67/80 MP: 27/27
 20410 | Orc:2    | Found a radiant altar of Vehumet.
 20411 | Orc:2    | Noticed Erolcha
 20429 | Orc:2    | Killed Erolcha
 20443 | Orc:2    | Found Poej's Magic Scroll Emporium.
 20479 | Orc:2    | Noticed Nergalle
 20758 | Orc:1    | Paralysed by an orc sorcerer for 5 turns
 20780 | Orc:2    | Killed from afar by an orc sorcerer

Illustrated notes

Levels and vault maps discovered:
D:1:      dpeg_arrival_tiny_a, layout_basic, amethyst_killhole,
          minmay_tromino_i4
D:2:      layout_basic, basic_altar, uniq_robin, uniq_crazy_yiuf_cottage,
          uniq_terence
D:3:      layout_loops_ring, mainiacjoe_overflow_alcove_4, grunt_ministairs_13,
          minmay_quadrilaterals
D:4:      layout_loops_ring, mainiacjoe_overflow_tiny_flanked
D:5:      layout_basic, nicolae_gozag_cash_rules_everything_around_me
D:6:      layout_loops_cross, minmay_temple_entry_hall,
          chequers_hall_statues_corner_a
D:7:      layout_cave_pods, kennysheep_doodads
D:8:      layout_gridville, lemuel_tele_altar, hellmonk_guarded_unrand_lears
D:9:      layout_basic, fedhas_bush_and_centaur_altar, old_standard_altar,
          lemuel_mausoleum_altar_yredelemnul, nicolae_vehumet_altar_sigil
D:10:     layout_layer_cave, minitemple, dpeg_lair_monsters, enter_trove_6,
          uniq_grum, uniq_sonja
D:11:     minmay_angry_zag, layout_loops_ring, kb_rosetta
D:12:     layout_loops_ring, hiddenorc1_lemuel
Temple:   hellmonk_temple_forest_ring
Orc:1:    layout_caves, special_room [special_room_bee]
Orc:2:    kennysheep_orc_mage_school, layout_caves, basic_altar,
          minmay_orc_temple_c

Skill      XL: |  1  2  3  4  5  6  7  8  9 10 11 12 13 |
---------------+----------------------------------------+-----
Ranged Weapons | 6 7 8 9 10 11 14 16 | 16.2
Fighting       | 2 3 4 5 7 8 9 |  9.0
Spellcasting   | 1 2 3 4 5 8 |  8.0
Fire Magic     | 1 2 3 5 6 |  6.0
Armour         | 1 2 |  2.4
Dodging        | 4 6 7 10 | 10.3
Evocations     | 1 |  1.0
Invocations    | 2 4 6 8 9 |  9.2
Hexes          | 5 |  5.4
Translocations | 2 |  2.8
Long Blades    | 1 |  1.0
Short Blades   | |  0.1
Throwing       | |  0.1
Stealth        | |  1.5

Action                     |  1- 3 |  4- 6 |  7- 9 | 10-12 | 13-15 || total
---------------------------+-------+-------+-------+-------+-------++-------
  Melee: Shortbow          |       |     1 |       |       |       ||     1
         Dagger            |       |       |     8 |     4 |       ||    12
         Scimitar          |       |       |       |    10 |       ||    10
         Orcbow            |       |       |       |     1 |       ||     1
   Fire: Shortbow          |    84 |   262 |   270 |    50 |       ||   666
         Orcbow            |       |       |       |  1009 |    50 ||  1059
  Throw: Dart              |       |       |     7 |    28 |       ||    35
   Cast: Scorch            |       |    21 |    69 |   175 |     1 ||   266
         Tukima's Dance    |       |       |       |     2 |       ||     2
 Invoke: Recite            |       |       |       |    12 |     2 ||    14
         Vitalisation      |       |       |       |     3 |       ||     3
         Imprison          |       |       |       |     1 |       ||     1
         Sanctuary         |       |       |       |     1 |       ||     1
  Evoke: Wand              |       |       |    11 |    13 |       ||    24
    Use: Scroll            |       |     2 |     7 |     9 |     1 ||    19
         Potion            |       |       |     3 |     1 |       ||     4
 Armour: Leather armour    |     9 |    46 |    27 |       |       ||    82
         Steam dragon scal |       |       |    10 |   169 |     5 ||   184
  Dodge: Dodged            |    14 |    95 |   110 |   588 |    15 ||   822

Table legend: (Time is in decaauts)
 A = Elapsed time spent in this place.
 B = Non-inter-level travel time spent in this place.
 C = Inter-level travel time spent in this place.
 D = Time resting spent in this place.
 E = Time spent auto-exploring this place.
 F = Levels seen in this place.
 G = Mean time per level.
                   A        B        C        D        E       F      G
               +--------+--------+--------+--------+--------+-----+--------+
         Total |  20541 |  19742 |    799 |   5002 |   9960 |  15 | 1369.4 |
       Dungeon |  16964 |  16234 |    730 |   4028 |   8813 |  12 | 1413.7 |
        Temple |    169 |    135 |     34 |      0 |    122 |   1 |  169.0 |
  Orcish Mines |   3407 |   3372 |     35 |    974 |   1025 |   2 | 1703.5 |
               +--------+--------+--------+--------+--------+-----+--------+

Top non-repeatable levels by time:
     D:8: 2113 daAuts
     D:9: 2024 daAuts
   Orc:2: 1806 daAuts
    D:11: 1742 daAuts
   Orc:1: 1600 daAuts
    D:10: 1520 daAuts
     D:4: 1448 daAuts
     D:7: 1448 daAuts
    D:12: 1299 daAuts
     D:2: 1210 daAuts
     D:3: 1135 daAuts
     D:5: 1133 daAuts
     D:6: 1085 daAuts
     D:1: 801 daAuts
  Temple: 169 daAuts
